 Dungeon Crawl Stone Soup version 0.30.0-29-ga12c61a403 (webtiles) character file.

Game seed: 10271363246809838518

706 LustLizard the Ruffian (level 7, -9/49 HPs)
             Began as an Octopode Berserker on June 14, 2023.
             Was a Priest of Trog.
             Killed from afar by an electric eel (12 damage)
             ... with a bolt of electricity
             ... on level 6 of the Dungeon.
             The game lasted 00:08:08 (4310 turns).

LustLizard the Ruffian (Octopode Berserker)         Turns: 4310, Time: 00:08:10

Health: -9/49      AC:  1    Str: 18    XL:     7   Next: 67%
Magic:  7/7        EV: 14    Int:  9    God:    Trog [***...]
Gold:   125        SH:  0    Dex: 12    Spells: 6/6 levels left

rFire   + .          .
                       - Unarmed
rCold   . . .        (no shield)
rNeg    . . .        (helmet restricted)
rPois   .            (no amulet)
rElec   .            o - ring of protection from fire
rCorr   .            (no ring)
SInv    .            (no ring)
Will    .....        (no ring)
Stlth   +++          (no ring)
HPRegen 0.28/turn    (no ring)
MPRegen 0.10/turn    (no ring)
                     (no ring)

%: no passive effects
@: no status effects
A: almost no armour, amphibious, 8 rings, camouflage 1, gelatinous body 1,
(nimble swimmer 1), tentacles
a: Renounce Religion, Berserk, Trog's Hand


You were on level 6 of the Dungeon.
You worshipped Trog.
Trog was most pleased with you.
You visited 1 branch of the dungeon, and saw 6 of its levels.

You collected 221 gold pieces.
You spent 96 gold pieces at shops.

Inventory:

Missiles
 a - 34 stones
 l - 10 poisoned darts (quivered)
 x - a throwing net
Jewellery
 o - a ring of protection from fire (left tentacle)
 y - an amulet of guardian spirit
Wands
 k - a wand of polymorph (9)
Scrolls
 c - a scroll of enchant weapon {unknown}
 f - 3 scrolls of teleportation
 h - 2 scrolls of summoning
 i - 5 scrolls of immolation
 j - a scroll of noise {unknown}
 p - 2 scrolls of amnesia {unknown}
 t - 3 scrolls of poison
 u - 3 scrolls of enchant armour
 w - a scroll of magic mapping {unknown}
 A - a scroll of blinking {unknown}
Potions
 b - 5 potions of haste {unknown}
 d - 2 potions of magic
 e - a potion of mutation {unknown}
 g - 2 potions of heal wounds
 m - 2 potions of might {unknown}
 n - 2 potions of cancellation {unknown}
 q - 2 potions of ambrosia {unknown}
 r - 2 potions of resistance {unknown}
 s - 3 potions of curing {unknown}
 v - 2 potions of degeneration {unknown}
 z - 2 potions of attraction {unknown}
 B - a potion of berserk rage {unknown}
 C - a potion of invisibility {unknown}


   Skills:
 + Level 4.6 Fighting
 * Level 3.6 Throwing
 - Level 3.5 Dodging
 - Level 3.8 Stealth
 * Level 5.9 Unarmed Combat


You had 6 spell levels left.
You didn't know any spells.
Your spell library was empty.

Dungeon Overview and Level Annotations

Branches:
Dungeon (6/15)
 Temple: D:4-7

Altars:
Elyvilon
Kikubaaqudgha
Uskayaw
Zin
The Shining One

Shops:
D:2 *([[(


Innate Abilities, Weirdness & Mutations

You cannot wear most types of armour.
You are amphibious.
You can wear up to eight rings at the same time.
Your skin changes colour to match your surroundings (Stealth+).
Your rubbery body absorbs attacks. (AC +1, EV +1)
((You are camouflaged when in or above water. (Stealth+)))
You have tentacles for arms and can constrict up to eight enemies at once.


Message History

A bullfrog and 2 electric eels come into view.
You see here a scroll of poison.
There is a large open door here.
A phantom comes into view.
You closely miss the phantom. The phantom closely misses you.
You closely miss the phantom.
You squeeze the phantom, but do no damage.
The phantom hits you.
You closely miss the phantom. The phantom barely misses you.
You tentacle-slap the phantom. You squeeze the phantom!
The phantom is heavily damaged.
The phantom closely misses you.
You barely miss the phantom.
Your tentacle-slap misses the phantom.
Your squeeze misses the phantom.
The phantom is heavily damaged.
The phantom hits you!
You tentacle-slap the phantom.
The phantom is heavily damaged.
The phantom hits you!
The phantom blinks!
You blink.
You miss the phantom.
The phantom is heavily damaged.
You closely miss the phantom. Your squeeze misses the phantom.
The phantom is heavily damaged.
The phantom hits you.
The phantom blinks!
You blink.
You tentacle-slap the phantom.
The phantom is severely damaged.
The electric eel shoots out a bolt of lightning at you!
The bolt of electricity hits you! The phantom hits you.
The phantom blinks!
You blink.
The electric eel shoots out a bolt of lightning at you!
The bolt of electricity hits you!
* * * LOW HITPOINT WARNING * * *
As you read the scroll of summoning, it crumbles to dust.
Wisps of shadow whirl around you...
The electric eel shoots out a bolt of lightning at you!
The bolt of electricity hits you!
* * * LOW HITPOINT WARNING * * *
The electric eel shoots out a bolt of lightning at you!
The bolt of electricity hits you!
You die...

..~~# #..#.####
.....~~####....##8## .
.....~~##..<..##..##
........~~##.§#.##...##
~~~~~~....~~##.#.##....##
~ ~S~~♣~....~##.#.88._...#
~~~~~~~~....~#........8_.8
~~~~~~~~W....'§#..88._...#
~~~~~~~~?@l..'§##.##....##
~~~~~~~h..?.~####.##...##
~♣~~~~♣O...oS# #.##..##
.~~~~~~§§..~~# #.##8##
....F...!.~~## #.####
.........~~## #.#
........~~## ~......~~##
~~~~~~~~##


You could see a phantom (ally target), a bullfrog, 2 electric eels, a friendly
ogre (summoned), a friendly howler monkey (summoned), a friendly iguana
(summoned) and a friendly orc (summoned).

Vanquished Creatures
  An ogre (D:5)
  A phantom (D:5)
  A scorpion (D:4)
  An electric eel (D:6)
  An orc priest (D:3)
  3 hounds
  A sleepcap (D:5)
  An iguana (D:5)
  An orc wizard (D:4)
  9 gnolls
  6 adders
  A worm (D:5)
  2 dart slugs
  7 orcs
  7 ball pythons
  8 bats
  8 endoplasms
  8 giant cockroaches
  5 goblins
  10 hobgoblins
  11 jackals
  5 quokkas
  4 frilled lizards
  7 kobolds
  2 rats (D:1)
111 creatures vanquished.

Vanquished Creatures (collateral kills)
  A hobgoblin (D:2)
  A jackal (D:2)
2 creatures vanquished.

Grand Total: 113 creatures vanquished

Notes
Turn   | Place    | Note
-------+----------+-------------------------------------------
     0 | D:1      | LustLizard the Octopode Berserker began the quest for the
                  | Orb.
     0 | D:1      | Reached XP level 1. HP: 16/16 MP: 1/1
    55 | D:1      | Reached XP level 2. HP: 11/21 MP: 2/2
    61 | D:1      | Reached skill level 1 in Stealth
   286 | D:1      | Reached XP level 3. HP: 24/26 MP: 3/3
   343 | D:1      | Reached ** piety under Trog
   364 | D:1      | Found a faded altar of an unknown god.
   659 | D:2      | Found Hezxoif's Antique Armour Boutique.
   726 | D:2      | You fall into a shaft and drop 2 floors!
   754 | D:3      | Reached XP level 4. HP: 31/31 MP: 4/4
   875 | D:2      | Found Noatirph's Armour Shoppe.
   888 | D:2      | Reached skill level 4 in Unarmed Combat
  1063 | D:2      | Found Todeyshra's Antique Weapon Emporium.
  1342 | D:2      | Found Vureag's Assorted Antiques.
  1346 | D:2      | Bought 2 fuming coppery potions for 39 gold pieces
  1346 | D:2      | Bought an inky potion for 19 gold pieces
  1346 | D:2      | Bought a ruby potion for 19 gold pieces
  1352 | D:2      | Found Ulasock's Weapon Emporium.
  1559 | D:3      | Found an ancient bone altar of Kikubaaqudgha.
  1694 | D:3      | Reached XP level 5. HP: 36/36 MP: 5/5
  2288 | D:3      | Reached *** piety under Trog
  2289 | D:3      | Reached skill level 1 in Throwing
  2409 | D:2      | Bought a silvery potion for 19 gold pieces
  2707 | D:4      | Found a hide-covered altar of Uskayaw.
  2913 | D:4      | Reached XP level 6. HP: 31/43 MP: 6/6
  3283 | D:5      | Entered Level 5 of the Dungeon
  3333 | D:5      | Reached skill level 5 in Unarmed Combat
  3416 | D:5      | Reached XP level 7. HP: 42/49 MP: 7/7
  4276 | D:6      | Found a white marble altar of Elyvilon.
  4276 | D:6      | Found a glowing silver altar of Zin.
  4276 | D:6      | Found a glowing golden altar of the Shining One.
  4310 | D:6      | Killed from afar by an electric eel

Illustrated notes

Levels and vault maps discovered:
D:1:      dpeg_arrival_court, layout_rooms,
          hellmonk_ecumenical_altar_defaced_shrine
D:2:      layout_basic, serial_shops, shop, nicolae_shop_stone, shop,
          nicolae_shop_crystal, nicolae_shop_back_alley_shop
D:3:      layout_basic, kiku_gazebo_garden_becter
D:4:      minmay_bubble_buster, layout_rooms, old_standard_altar
D:5:      layout_gridville, minmay_diced_spiral
D:6:      layout_loops_ring, dreamdust_divine_triumvirate,
          minmay_temple_entry_statues, hellmonk_ghost_happy_afterlife,
          kennysheep_big_empty_room

Skill      XL: |  1  2  3  4  5  6  7 |
---------------+----------------------+-----
Stealth        | 1 2 3 |  3.8
Unarmed Combat | 4 5 |  5.9
Throwing       | 1 2 3 |  3.6
Fighting       | 4 |  4.6
Dodging        | |  3.5

Action                     |  1- 3 |  4- 6 |  7- 9 || total
---------------------------+-------+-------+-------++-------
  Melee: Unarmed           |    83 |   135 |    44 ||   262
         Constrict         |    22 |    36 |     7 ||    65
         Tentacles         |    13 |    32 |    10 ||    55
         Punch             |     1 |     3 |     4 ||     8
  Throw: Dart              |       |       |     4 ||     4
 Invoke: Berserk           |     1 |     1 |       ||     2
    Use: Scroll            |     1 |     6 |     1 ||     8
   Stab: Sleeping          |     4 |    11 |     2 ||    17
         Distracted        |       |     1 |       ||     1
 Armour: Skin              |     7 |     9 |     2 ||    18
  Dodge: Dodged            |    59 |    93 |    18 ||   170
